 Dungeon Crawl Stone Soup version 0.23-a0-703-gdf2d5e0 (webtiles) character file.

57 HungryMoth the Poker (level 4, -3/35 HPs)
             Began as a Merfolk Skald on Jan 14, 2019.
             Was an Initiate of Fedhas.
             Slain by an orc priest
             ... wielding a +0 war axe
              (9 damage)
             ... on level 2 of the Dungeon.
             The game lasted 00:08:22 (1673 turns).

HungryMoth the Poker (Merfolk Skald)                Turns: 1673, Time: 00:08:23

Health: -3/35      AC:  6    Str: 11    XL:     4   Next: 0%
Magic:  4/7        EV: 12    Int: 12    God:    Fedhas [......]
Gold:   48         SH:  0    Dex: 14    Spells: 2/7 levels left

rFire    . . .     SeeInvis .   a - +0 spear
rCold    . . .     Gourm    .   (no shield)
rNeg     . . .     Faith    .   b - +0 leather armour
rPois    .         Spirit   .   (no helmet)
rElec    .         Reflect  .   (no cloak)
rCorr    .         Harm     .   (no gloves)
MR       .....                  (no boots)
Stlth    +.........             (no amulet)
HPRegen  0.11/turn              f - +3 ring of protection
MPRegen  0.10/turn              (no ring)

@: very slightly contaminated
A: change form in water, swift swim, stealthy swim
a: Fungal Bloom, Renounce Religion


You were on level 2 of the Dungeon.
You worshipped Fedhas.
Fedhas was noncommittal.
You were not hungry.

You visited 1 branch of the dungeon, and saw 3 of its levels.

You collected 48 gold pieces.

Inventory:

Hand Weapons
 a - a +0 spear (weapon)
Armour
 b - a +0 leather armour (worn)
Jewellery
 f - a +3 ring of protection (left hand)
Scrolls
 c - 2 scrolls of enchant weapon {unknown}
 e - 5 scrolls of remove curse {unknown}
 g - 3 scrolls of fog {unknown}
 j - a scroll of amnesia {unknown}
 l - 2 scrolls of enchant armour {unknown}
 n - a scroll of noise {unknown}
 o - a scroll of fear {unknown}
Potions
 h - a potion of flight {unknown}
 i - a potion of brilliance {unknown}
 k - 2 potions of magic {unknown}
 m - a potion of agility {unknown}
Comestibles
 d - 4 rations


   Skills:
 * Level 3.3 Fighting
 + Level 5.0 Polearms
 - Level 0.6 Armour
 - Level 2.6 Dodging
 - Level 2.0 Spellcasting
 - Level 3.2 Charms


You had 2 spell levels left.
You knew the following spells:

 Your Spells              Type           Power        Failure   Level  Hunger
a - Infusion              Chrm           #...         10%         1    ##.....
b - Shroud of Golubria    Chrm/Tloc      #.........   28%         2    ###....
c - Song of Slaying       Chrm           #.......     14%         2    ###....

Your spell library contained the following spells:

 Spells                   Type           Power        Failure   Level  Hunger
 Regeneration             Chrm/Necr      #.........   50%         3    ####...
 Spectral Weapon          Hex/Chrm       #.......     50%         3    ####...


Dungeon Overview and Level Annotations

Branches:
Dungeon (3/15)

Altars:
Dithmenos
Fedhas
Sif Muna


Message History

* * * LOW HITPOINT WARNING * * *
You hit the orc priest.
The orc priest is severely wounded.
The orc priest hits you with a +0 war axe.
* * * LOW HITPOINT WARNING * * *
You closely miss the orc priest.
The orc priest is severely wounded.
The orc priest misses you.
You hit the orc priest.
The orc priest is almost dead.
You hit the orc priest but do no damage.
The orc priest is almost dead.
The orc priest mumbles some strange prayers to Beogh against you.
You barely resist. You barely miss the orc priest.
The orc priest is almost dead.
You are no longer magically infusing your attacks.
The orc priest hits you with a +0 war axe!
You die...
Fedhas appreciates your contribution to the ecosystem.

.# #######..##.# #.# .#
#.....#..##.# #.# .#
#.....##.##.###.#
.###.....##......#.#
...'.....+..(....#.#
####.....###.#.###.#
...................###
########..>....##....############
#.....)>o@....'...........
########......##....############
##..'._⌠##.....##....#
....'._⌠##.....##....#
..###8###......##....# ..#
####.......##....# ..#
#.......##....# ..#
#.......##....# ..#
#.......##....#


You could see an orc priest.

Vanquished Creatures
  2 adders (D:2)
  A dart slug (D:1)
  A leopard gecko (D:2)
  An orc (D:2)
  2 ball pythons (D:1)
  2 giant cockroaches (D:1)
  5 hobgoblins
  3 jackals (D:1)
  4 bats
  3 frilled lizards
  5 goblins
  A kobold (D:1)
  5 rats
35 creatures vanquished.

Vanquished Creatures (others)
  A plant (D:3)
  2 toadstools (D:3)
3 creatures vanquished.

Grand Total: 38 creatures vanquished

Notes
Turn   | Place    | Note
-------+----------+-------------------------------------------
     0 | D:1      | HungryMoth the Merfolk Skald began the quest for the Orb.
     0 | D:1      | Reached XP level 1. HP: 16/16 MP: 3/3
   220 | D:1      | Reached XP level 2. HP: 22/23 MP: 1/5
   275 | D:1      | Learned a level 2 spell: Song of Slaying
   287 | D:1      | Reached skill level 4 in Polearms
   299 | D:1      | Learned a level 2 spell: Shroud of Golubria
   591 | D:2      | Reached XP level 3. HP: 28/28 MP: 6/6
  1115 | D:2      | Found a faded altar of an unknown god.
  1117 | D:2      | Became a worshipper of Dithmenos the Shadowed
  1117 | D:2      | Reached * piety under Dithmenos
  1267 | D:2      | Found a deep blue altar of Sif Muna.
  1267 | D:2      | Found a blossoming altar of Fedhas.
  1271 | D:2      | Fell from the grace of Dithmenos
  1271 | D:2      | Became a worshipper of Fedhas Madash
  1625 | D:3      | Noticed an ogre
  1634 | D:3      | Reached skill level 5 in Polearms
  1656 | D:2      | Reached XP level 4. HP: 35/35 MP: 7/7
  1673 | D:2      | Slain by an orc priest

Vault maps used:
D:1:      minmay_arrival_loop
D:2:      gammafunk_temple_overflow_wave, chequers_ecumenical_altar_twisty,
          serial_bayou_ford_a
D:3:      overflow_temple_1_default, overflow_temple_1_default,
          serial_bayou_lake_a

Skill      XL: |  1  2  3 |
---------------+----------+-----
Polearms       | 4 5 |  5.0
Fighting       | 3 |  3.3
Armour         | |  0.6
Dodging        | |  2.6
Spellcasting   | |  2.0
Charms         | |  3.2

Action                   |  1- 3 |  4- 6 || total
-------------------------+-------+-------++-------
Melee: Spear             |   132 |    15 ||   147
       Tailslap          |     3 |       ||     3
 Cast: Infusion          |     5 |     1 ||     6
       Song of Slaying   |     2 |       ||     2
       Shroud of Golubri |     2 |       ||     2
Invok: Fungal Bloom      |     1 |       ||     1
 Stab: Sleeping          |     2 |       ||     2
  Eat: Chunk             |     3 |       ||     3
Armor: Leather armour    |    27 |     1 ||    28
Dodge: Dodged            |    61 |     5 ||    66

Table legend:
 A = Non-vault XP
 B = Vault XP
 C = Vault XP percentage of total XP
 D = Non-vault monster count
 E = Vault monster count
 F = Vault count percentage of total count
                 A         B        C        D         E       F
            +---------+---------+-------+---------+---------+-------
      Total |      82 |       0 |   0.0 |      35 |       0 |   0.0
            +---------+---------+-------+---------+---------+-------
        D:1 |      33 |       0 |   0.0 |      19 |       0 |   0.0
        D:2 |      43 |       0 |   0.0 |      11 |       0 |   0.0
        D:3 |       6 |       0 |   0.0 |       5 |       0 |   0.0
            +---------+---------+-------+---------+---------+-------
